 Dungeon Crawl Stone Soup version 0.31-a0-1074-g0b22e4e0f1 (webtiles) character file.

Game seed: 9026678458928540669

171 Lobster4 the Changeling (level 5, -9/42 HPs)
             Began as a Draconian Shapeshifter on Dec 1, 2023.
             Mangled by a gnoll
             ... wielding a +0 flail
             ... led by a gnoll bouda
              (11 damage)
             ... on level 3 of the Dungeon.
             The game lasted 00:07:16 (2974 turns).

Lobster4 the Changeling (Draconian Shapeshifter)    Turns: 2974, Time: 00:07:16

Health: -9/42      AC:  5    Str: 17    XL:     5   Next: 26%
Magic:  5/5        EV: 12    Int: 10    God:
Gold:   128        SH:  0    Dex: 14    Spells: 4/4 levels left

rFire   . . .        a - +0 short sword
rCold   . . .        (no shield)
rNeg    . . .        (body armour unavailable)
rPois   .            (helmet currently unavailable)
rElec   .            (cloak currently unavailable)
rCorr   .            h - melded +0 pair of gloves
SInv    .            (boots currently unavailable)
Will    .....        l - amulet of regeneration
Stlth   ++           (no ring)
HPRegen 1.07/turn    (no ring)
MPRegen 0.09/turn

%: no passive effects
@: beast-form
A: beast (slay +2), AC +5, unfitting armour, cold-blooded, agile 1, subdued
magic 1
a: Begin Untransformation


You were on level 3 of the Dungeon.
You were a hulking beast.
You visited 1 branch of the dungeon, and saw 4 of its levels.

You collected 128 gold pieces.

Inventory:

Hand Weapons
 a - a +0 short sword (weapon)
 b - a +0 sling
Missiles
 e - 15 stones
 o - 2 boomerangs
Armour
 h - a +0 pair of gloves (melded)
 q - a +1 cloak
Jewellery
 l - an amulet of regeneration (around neck)
Talismans
 c - a flux talisman
 k - a beast talisman (active)
Wands
 f - a wand of flame (49)
Scrolls
 d - 4 scrolls of identify {unknown}
 r - a scroll of teleportation {unknown}
Potions
 g - a potion of berserk rage {unknown}
 n - a potion of attraction {unknown}
 p - a potion of resistance {unknown}


   Skills:
 + Level 2.5 Fighting
 + Level 2.7 Dodging
 - Level 1.0 Stealth
 + Level 3.7 Unarmed Combat
 + Level 0.2 Evocations
 * Level 4.1 Shapeshifting


You had 4 spell levels left.
You didn't know any spells.
Your spell library contained the following spells:

 Spells                   Type           Power      Damage    Failure   Level
 Magic Dart               Conj           0%         1d3       32%         1
 Call Imp                 Summ           0%         N/A       45%         2
 Mephitic Cloud           Conj/Pois/Air  0%         N/A       71%         3


Dungeon Overview and Level Annotations

Branches:
Dungeon (4/15)
 Temple: D:4-7

Altars:
Ru

Annotations:
D:4 Pikel


Innate Abilities, Weirdness & Mutations

You are a hulking beast.
Your limbs bulge with bestial killing power. (Slay +2)
Your plain brown scales are hard. (AC +5)
You cannot fit into any form of body armour.
You are cold-blooded and may be slowed by cold attacks.
You are agile. (Dex +4, Str/Int -1)
Your spells are a little easier to cast, but a little less powerful.


Message History

Pikel, Merchant of Souls comes into view.
He is wielding a +0 whip of freezing.
The lemure moves out of view.
You hear a shout!
A lemure comes into view.
There is a stone staircase leading up here.
You climb upwards.
There is a stone staircase leading down here.
You see here a +0 sling.
There is a stone staircase leading down here.
You climb downwards.
Level annotation: Pikel The gnoll bouda shouts!
The gnoll shouts! x2
The gnoll bouda barks out a call to the hunt!
The gnolls pick up the pace!
There is a stone staircase leading up here.
The gnoll barely misses you.
The gnoll bouda hits you with a +0 whip!
You climb upwards.
There is a stone staircase leading down here.
a - a +0 short sword (weapon)
The gnoll hits you with a +0 flail! The gnoll bouda barely misses you.
The gnoll bouda attacks as it pursues you!
The gnoll bouda hits you with a +0 whip!
As you read the scroll labelled FOOC XUADIUR, it crumbles to dust.
It is a scroll of enchant armour.
Your +0 cloak glows green for a moment.
The gnoll hits you with a +0 flail.
The gnoll bouda hits you with a +0 whip!
* * * LOW HITPOINT WARNING * * *
It was a potion of curing.
You feel better. The gnoll barely misses you.
The gnoll bouda hits you with a +0 whip!
* * * LOW HITPOINT WARNING * * *
You feel better. The gnoll completely misses you.
The gnoll bouda barely misses you.
It was a potion of mutation.
You feel extremely strange.
Your connection to magic feels subdued.
You feel agile. The gnoll hits you with a +0 flail!
* * * LOW HITPOINT WARNING * * *
The gnoll bouda closely misses you. The gnoll attacks as it pursues you!
The gnoll hits you with a +0 flail!
You die...

###.......##.........#.##.##.#
..#.##.##.############.##..#.#
#.#.##.##.# #.###.#.#
#.#.#..##.# #.###.#.#
#...#.###.######### #....†..#
#...[.............# ###.###.#
##..).....##...#>g# #..# #.#
.#.##...####..###g# #..###.#
.#.##.....##...#h.# #......#
.#.###..#.##......# #.######
##.###..#.##.##.### #.#
#............##..# #.#
#.#######.######.### #.# #.#
#.# #......####.# #.# #.#
#.#......##.####### ..#
#.###.#†.#............# ###
#.......##.#.###.####.#


You could see a gnoll bouda and a gnoll (swift).

Vanquished Creatures
  Ijyb (D:3)
  An orc wizard (D:3)
  4 adders (D:3)
  2 ufetubi (D:2)
  4 worms
  A dart slug (D:3)
  5 orcs
  5 endoplasms
  3 giant cockroaches (D:2)
  6 goblins
  4 hobgoblins
  4 jackals (D:1)
  2 quokkas (D:2)
  7 ball pythons
  A bat (D:1)
  4 kobolds
  4 rats
58 creatures vanquished.

Notes
Turn   | Place    | Note
-------+----------+-------------------------------------------
     0 | D:1      | Lobster4 the Draconian Shapeshifter began the quest for the
                  | Orb.
     0 | D:1      | Reached XP level 1. HP: 16/16 MP: 1/1
   183 | D:1      | Reached XP level 2. HP: 21/23 MP: 2/2
   543 | D:1      | Reached skill level 1 in Stealth
  1086 | D:2      | Reached XP level 3. HP: 23/28 MP: 3/3
  1424 | D:2      | Found a faded altar of an unknown god.
  1863 | D:3      | Reached XP level 4. HP: 36/36 MP: 4/4
  2209 | D:3      | Found a sacrificial altar of Ru.
  2215 | D:3      | Noticed Ijyb
  2254 | D:3      | Killed Ijyb
  2255 | D:3      | Reached skill level 4 in Shapeshifting
  2255 | D:3      | Reached XP level 5. HP: 21/42 MP: 5/5
  2584 | D:3      | You fall into a shaft and drop 1 floor!
  2907 | D:4      | Noticed a lemure
  2907 | D:4      | Noticed a lemure
  2907 | D:4      | Noticed Pikel
  2912 | D:4      | Noticed a lemure
  2973 | D:3      | Gained mutation: Your spells are a little easier to cast,
                  | but a little less powerful. [potion of mutation]
  2973 | D:3      | Gained mutation: You are agile. (Dex +4, Str/Int -1)
                  | [potion of mutation]
  2973 | D:3      | HP: 1/42 [gnoll/+0 flail[a gnoll bouda] (10)]
  2974 | D:3      | Mangled by a gnoll

Illustrated notes

Levels and vault maps discovered:
D:1:      matt_arrival_spirals, layout_loops_ring, roderic_roman_lattice,
          chequers_hall_statues_wall_a
D:2:      layout_loops_ring, shapermc_ecumenical_altar_mp_urbaneastern
D:3:      layout_loops_cross, mainiacjoe_overflow_surrounded_room, uniq_ijyb
D:4:      layout_loops_ring, uniq_pikel

Skill      XL: |  1  2  3  4 |
---------------+-------------+-----
Dodging        | 2 |  2.7
Stealth        | 1 |  1.0
Fighting       | 2 |  2.5
Shapeshifting  | 4 |  4.1
Unarmed Combat | |  3.7
Evocations     | |  0.2

Action                     |  1- 3 |  4- 6 || total
---------------------------+-------+-------++-------
  Melee: Short sword       |   114 |    86 ||   200
         Unarmed           |     3 |       ||     3
         Tailslap          |     7 |     8 ||    15
         Punch             |     3 |     4 ||     7
   Fire: Sling             |    26 |    22 ||    48
Ability: Begin Untransform |     2 |       ||     2
    Use: Potion            |       |     4 ||     4
         Scroll            |       |     1 ||     1
   Stab: Sleeping          |     1 |     2 ||     3
 Armour: Skin              |    87 |    81 ||   168
  Dodge: Dodged            |    95 |    31 ||   126
   Form: Beast             |     2 |       ||     2

Table legend: (Time is in decaauts)
 A = Elapsed time spent in this place.
 B = Non-inter-level travel time spent in this place.
 C = Inter-level travel time spent in this place.
 D = Time resting spent in this place.
 E = Time spent auto-exploring this place.
 F = Levels seen in this place.
 G = Mean time per level.
                   A        B        C        D        E       F      G
               +--------+--------+--------+--------+--------+-----+--------+
         Total |   2990 |   2793 |    197 |    185 |   1905 |   4 |  747.5 |
       Dungeon |   2990 |   2793 |    197 |    185 |   1905 |   4 |  747.5 |
               +--------+--------+--------+--------+--------+-----+--------+

Top non-repeatable levels by time:
     D:3: 1101 daAuts
     D:2: 973 daAuts
     D:1: 849 daAuts
     D:4: 66 daAuts
